 Dungeon Sprint DCSS version 0.18.1-50-g88ac8fd (webtiles) character file.

263 lorenzova the Fighter (level 5, -2/57 HPs)
             Began as a Minotaur Fighter on Oct 16, 2016.
             Splashed by a jelly's acid (4 damage)
             ... in the Dungeon (Sprint III: "The Ten Rune Challenge").
             The game lasted 00:02:52 (442 turns).

lorenzova the Fighter (Minotaur Fighter)             Turns: 442, Time: 00:02:52

Health: -2/57      AC: -3    Str: 21    XL:     5   Next: 98%
Magic:  4/4        EV:  8    Int:  5    God:
Gold:   35         SH: 11    Dex: 12    Spells: 0 memorised, 4 levels left

rFire  . . .     SeeInvis .     a - +0 war axe
rCold  . . .     Gourm    .     b - +0 scale mail
rNeg   . . .     Faith    .     c - +0 shield
rPois  .         Spirit   .     (helmet restricted)
rElec  .         Dismiss  .     (no cloak)
rCorr  .         Reflect  .     (no gloves)
SustAt .         Harm     .     (no boots)
MR     .....     NoTele   +     (no amulet)
Stlth  ..........               (no ring)
                                (no ring)

@: corroded, not resistant to hostile enchantments, extremely unstealthy
A: retaliatory headbutt, horns 2, agile 1
a: no special abilities


You were in the Dungeon.
You were not hungry.

You visited 1 branch You collected 35 gold pieces.

Inventory:

Hand Weapons
 a - a +0 war axe (weapon)
Armour
 b - a +0 scale mail (worn)
 c - a +0 shield (worn)
Scrolls
 k - a scroll of blinking
 n - a scroll of torment
 o - 3 scrolls of remove curse
 r - a scroll of holy word
Potions
 d - a potion of might
 e - 2 potions of curing
 g - a potion of heal wounds
 h - a potion of haste
 i - 2 potions of magic
 j - a potion of berserk rage
 m - a potion of mutation
 q - 2 potions of cure mutation
 s - a potion of flight
Comestibles
 f - a bread ration
 p - 2 meat rations


   Skills:
 + Level 9.3 Fighting
 - Level 2.4 Axes
 + Level 9.3 Armour
 + Level 9.2 Shields


You had 4 spell levels left.
You didn't know any spells.

Dungeon Overview and Level Annotations

Branches:
Dungeon (1/1)

Altars:


Innate Abilities, Weirdness & Mutations

You reflexively headbutt those who attack you in melee.
You have a pair of horns on your head.
You are agile. (Dex +2)


Message History

You are too injured to fight recklessly!
You are too injured to fight recklessly!
Unknown command.
You are too injured to fight recklessly!
Your shield and scale mail prevent you from hitting the jelly.
You headbutt the jelly.
The jelly is almost dead.
You hit the shadow but do no damage.
The shadow is almost destroyed.
The shadow hits you.
* * * LOW HITPOINT WARNING * * *
The jelly closely misses you.
You hit the shadow.
You destroy the shadow!
Your Fighting skill gained 2 levels and is now at level 9!
Your Armour skill gained 2 levels and is now at level 9!
Your Shields skill gained 2 levels and is now at level 9!
You have reached level 5!
You hit the jelly but do no damage.
Your hands burn!
You die...

▓▓▓ ##.# ####..#
#..#..#
#..#..###+#+###+##
##'#..#..........#
###...'.⌠........#
###...#...######@#
##....#.⌠.# #..J#
#.....#...# #...#
......#+### #...#
#.....# #..%+
##....# +...#
▓▓▓▓▓▓ ▓▓▓▓▓


You could see a jelly.

Vanquished Creatures
  A shadow (D)
  A water elemental (D)
  Jessica (D)
  A human (D)
  A wolf (D)
  An ooze (D)
  2 rats (D)
8 creatures vanquished.

Vanquished Creatures (others)
  2 draconian scorchers (D)
  A yaktaur (D)
3 creatures vanquished.

Grand Total: 11 creatures vanquished

Notes
Turn   | Place    | Note
--------------------------------------------------------------
     0 | D        | lorenzova the Minotaur Fighter began the quest for the Orb.
     0 | D        | Reached XP level 1. HP: 19/19 MP: 0/0
    38 | D        | Noticed Jessica
    48 | D        | Killed Jessica
    48 | D        | Reached skill level 5 in Fighting
    48 | D        | Reached skill level 5 in Armour
    48 | D        | Reached skill level 5 in Shields
    48 | D        | Reached XP level 2. HP: 22/29 MP: 1/1
    48 | D        | Reached XP level 3. HP: 28/36 MP: 2/2
   198 | D        | Killed a yaktaur
   220 | D        | Killed a white draconian scorcher
   265 | D        | Killed a white draconian scorcher
   281 | D        | Gained mutation: You have sharp toenails. [potion of mutation]
   281 | D        | Lost mutation: You have sharp toenails. [potion of mutation]
   281 | D        | Gained mutation: You are agile. (Dex +2) [potion of mutation]
   285 | D        | Noticed a water elemental
   289 | D        | Killed a water elemental
   289 | D        | Reached XP level 4. HP: 26/47 MP: 3/3
   436 | D        | Noticed a shadow
   441 | D        | HP: 1/47 [shadow (5)]
   442 | D        | Killed a shadow
   442 | D        | Reached XP level 5. HP: 2/57 MP: 4/4
   442 | D        | Splashed by a jelly's acid

Skill      XL: |  1  2  3  4 |
---------------+-------------+-----
Fighting       | 5 7 9 |  9.3
Armour         | 5 7 9 |  9.3
Shields        | 5 7 9 |  9.2
Axes           | |  2.4

Action                   |  1- 3 |  4- 6 || total
-------------------------+-------+-------++-------
Melee: War axe           |    28 |     6 ||    34
       Headbutt          |     4 |     2 ||     6
  Use: Scroll            |     5 |       ||     5
       Potion            |     1 |       ||     1
Armor: Scale mail        |     4 |       ||     4
Dodge: Dodged            |     7 |     5 ||    12
Block: Shield            |    16 |     3 ||    19
